 Dungeon Crawl Stone Soup version 0.24-a0-769-g368c1644f8 (webtiles) character file.

Game seed: 7153800922939473118, levelgen mode: deterministic

2895 ARAM the Cleaver (level 10, 0/80 HPs)
             Began as a Human Conjurer on Oct 5, 2019.
             Was an Elder of the Shining One.
             Slain by an orc warrior
             ... wielding a +0 flail
              (25 damage)
             ... on level 8 of the Dungeon.
             The game lasted 00:42:28 (13744 turns).

ARAM the Cleaver (Human Conjurer)                  Turns: 13744, Time: 00:42:29

Health: 0/80       AC:  5    Str: 11    XL:     10   Next: 5%
Magic:  11/11      EV: 12    Int: 15    God:    the Shining One [****..]
Gold:   487        SH:  0    Dex: 15    Spells: 12/13 levels left

rFire    + . .     SeeInvis .   G - +0 war axe
rCold    + . .     Gourm    .   (no shield)
rNeg     + + +     Faith    .   y - +0 ring mail
rPois    .         Spirit   .   (no helmet)
rElec    .         Reflect  .   J - scarf {rC+ rF+}
rCorr    .         Harm     .   (no gloves)
MR       +....                  (no boots)
Stlth    +.........             h - amulet of the acrobat
HPRegen  0.23/turn              N - ring of protection from magic
MPRegen  0.12/turn              v - ring of positive energy

@: glowing
A: low mp 1, MP-powered wands
a: Divine Shield, Cleansing Flame, Renounce Religion


You were on level 8 of the Dungeon.
You worshipped the Shining One.
The Shining One was greatly pleased with you.
You were not hungry.

You visited 1 branch of the dungeon, and saw 8 of its levels.
You also visited: Ossuary.

You collected 487 gold pieces.

Inventory:

Hand Weapons
 p - a +0 club
 q - a +0 whip
 B - a +1 flail of crushing
 E - a +0 hand axe
 F - a +3 dagger
 G - a +0 war axe (weapon)
Missiles
 m - 2 throwing nets (quivered)
Armour
 a - a +0 robe
 n - a +1 shield of poison resistance
 u - a +0 ring mail
 y - a +0 ring mail (worn)
 H - a +0 plate armour
 J - a scarf of resistance (worn)
Jewellery
 h - an amulet of the acrobat (around neck)
 r - an uncursed amulet of regeneration {unknown}
 v - a ring of positive energy (right hand)
 N - a ring of protection from magic (left hand)
Wands
 P - a wand of acid (12)
Scrolls
 b - a scroll of identify
 d - 2 scrolls of enchant weapon {unknown}
 g - 2 scrolls of acquirement {unknown}
 i - a scroll of torment {unknown}
 o - a scroll of random uselessness
 t - 2 scrolls of amnesia
 A - a scroll of immolation {unknown}
 I - 5 scrolls of remove curse
 K - 2 scrolls of fog
 L - a scroll of teleportation
 M - a scroll of enchant armour {unknown}
Potions
 e - 3 potions of flight
 f - 9 potions of curing
 j - 3 potions of cancellation
 k - 3 potions of might
 l - 3 potions of magic
 s - a potion of berserk rage {unknown}
 w - a potion of ambrosia
 x - 3 potions of brilliance
 z - a potion of mutation
 C - 2 potions of agility
 D - 2 potions of heal wounds
Comestibles
 c - 15 rations
 O - 2 chunks of flesh


   Skills:
 - Level 8.0 Fighting
 * Level 9.1 Axes
 - Level 3.2 Armour
 - Level 4.0 Dodging
 - Level 2.0 Stealth
 - Level 0.3 Unarmed Combat
 - Level 2.0 Spellcasting
 - Level 4.0 Conjurations


You had 12 spell levels left.
You knew the following spells:

 Your Spells              Type           Power        Failure   Level  Hunger
a - Magic Dart            Conj           ##..         10%         1    #......

Your spell library contained the following spells:

 Spells                   Type           Power        Failure   Level  Hunger
 Searing Ray              Conj           ##....       14%         2    ###....
 Animate Skeleton         Necr           N/A          45%         1    #......
 Apportation              Tloc           #.....       45%         1    #......
 Confusing Touch          Hex            #.....       45%         1    #......
 Summon Small Mammal      Summ           #...         45%         1    #......
 Dazzling Spray           Conj/Hex       #.....       54%         3    ###....
 Iskenderun's Mystic Bla  Conj           ##......     67%         4    #####..
 Force Lance              Conj/Tloc      #.......     91%         4    #####..
 Fulminant Prism          Conj/Hex       #.........   91%         4    #####..


Dungeon Overview and Level Annotations

Branches:
Dungeon (8/15)             Temple (0/1) D:5         Ossuary (visited)
   Lair: D:8-11

Altars:
Fedhas
Uskayaw
Wu Jian
The Shining One

Annotations:
D:2 Sigmund
D:3 1 runed translucent door, Gebura's ghost, amateur OpTm; Grinder
D:5 Menkaure


Innate Abilities, Weirdness & Mutations

Your magical capacity is low. (-10% MP)
You expend magic power (3 MP) to strengthen your wands.


Message History

You are too injured to fight recklessly!
You are too injured to fight recklessly!
You hit the orc warrior but do no damage.
The orc warrior is lightly wounded.
The orc warrior closely misses you.
You barely miss the orc warrior.
The orc warrior is lightly wounded.
The orc warrior closely misses you.
You hit the orc warrior but do no damage.
The orc warrior is lightly wounded.
The orc warrior closely misses you.
You hit the orc warrior.
The orc warrior is moderately wounded.
The orc warrior hits you with a +0 flail.
* * * LOW HITPOINT WARNING * * *
Unknown command.
You barely miss the orc warrior.
The orc warrior is lightly wounded.
The orc warrior hits you with a +0 flail!!
You die...

.#########
.#.......# .#
.#.....[.# #.#
.#.......# ..#
.#.......# ..#
.#.......## ..#
..........#
#####..#
.#........#
#...o).#
..........#
#..?@#
##........#
#....#
######.#.#
#....#.##
#.#.###.......#
#.#......####.#
### #.#......#
.# ..#
#.#......# #
#.# #.#......#
#.# ..#.###.##


You could see an orc warrior.

Vanquished Creatures
  A hippogriff (D:7)
  A wraith (Ossuary)
  A hungry ghost (D:7)
  Duvessa (D:6)
  A black bear (D:7)
  An ice beast (D:7)
  3 ogres
  2 phantoms (D:7)
  A centaur (D:6)
  3 bullfrogs
  A gnoll sergeant (D:8)
  Dowan (D:6)
  4 killer bees
  A water moccasin skeleton (D:5)
  2 scorpions (D:6)
  A howler monkey (D:4)
  A crimson imp (D:5)
  A centaur skeleton (D:6)
  A hound (D:5)
  2 jellies
  3 orc priests
  7 orc wizards
  An iguana (D:7)
  Natasha (D:3)
  6 worker ants
  A killer bee zombie (D:5)
  A hound zombie (D:5)
  2 mummies
  3 gnolls (D:8)
  11 adders
  2 shadow imps
  An ooze (D:6)
  2 adder skeletons
  2 worms (D:2)
  A dart slug (D:3)
  6 leopard geckos
  25 orcs
  5 giant cockroaches
  6 goblins
  9 hobgoblins
  3 jackals
  4 quokkas
  3 ball pythons (D:1)
  5 bats
  2 frilled lizards
  6 gnoll skeletons (Ossuary)
  A hobgoblin zombie (D:5)
  A jackal skeleton (D:7)
  4 kobolds
  9 kobold skeletons (Ossuary)
  A kobold zombie (D:5)
  10 orc skeletons (Ossuary)
  A quokka skeleton (D:5)
  8 rats
183 creatures vanquished.

Notes
Turn   | Place    | Note
-------+----------+-------------------------------------------
     0 | D:1      | ARAM the Human Conjurer began the quest for the Orb.
     0 | D:1      | Reached XP level 1. HP: 13/13 MP: 3/3
    65 | D:1      | Found a glowing golden altar of the Shining One.
    70 | D:1      | Became a worshipper of the Shining One
   220 | D:1      | Reached XP level 2. HP: 19/19 MP: 0/5
  1058 | D:1      | Reached XP level 3. HP: 15/25 MP: 0/6
  1299 | D:1      | Reached skill level 1 in Fighting
  2133 | D:2      | Reached XP level 4. HP: 31/32 MP: 0/7
  2208 | D:2      | Noticed Sigmund
  2389 | D:2      | Found a hide-covered altar of Uskayaw.
  3486 | D:3      | Found a runed translucent door.
  3499 | D:3      | Noticed Gebura's ghost (amateur OpTm)
  4224 | D:3      | Noticed Grinder
  4281 | D:3      | Reached XP level 5. HP: 32/38 MP: 1/8
  4551 | D:3      | Noticed Natasha
  4575 | D:3      | Killed Natasha
  5101 | D:3      | Found an ornate altar of the Wu Jian Council.
  5257 | D:4      | Reached XP level 6. HP: 37/48 MP: 4/9
  5517 | D:3      | Paralysed by Grinder for 6 turns
  5756 | D:4      | Reached skill level 1 in Armour
  6292 | D:4      | Reached * piety under the Shining One
  6893 | D:4      | Reached XP level 7. HP: 55/55 MP: 5/10
  7028 | D:4      | Reached skill level 5 in Fighting
  7149 | D:5      | Entered Level 5 of the Dungeon
  7239 | D:5      | Reached skill level 1 in Axes
  7392 | D:5      | Found a sand-covered staircase.
  7403 | Ossuary  | Entered an ossuary
  7403 | Ossuary  | Noticed a wraith
  7403 | Ossuary  | Noticed a wraith
  7403 | Ossuary  | Noticed a wraith
  7476 | Ossuary  | Reached ** piety under the Shining One
  7680 | Ossuary  | Reached *** piety under the Shining One
  7715 | Ossuary  | Noticed a wraith
  7740 | Ossuary  | Gained mutation: Your magical capacity is low. (-10% MP)
                  | [potion of mutation]
  7740 | Ossuary  | Gained mutation: You expend magic power (3 MP) to
                  | strengthen your wands. [potion of mutation]
  7765 | Ossuary  | Killed a wraith
  7765 | Ossuary  | Reached skill level 2 in Axes
  7849 | D:5      | Reached XP level 8. HP: 31/63 MP: 8/9
  8027 | D:5      | Reached skill level 3 in Axes
  8204 | D:5      | Found a staircase to the Ecumenical Temple.
  9326 | D:6      | Reached skill level 4 in Axes
  9578 | D:6      | Noticed Menkaure
 10134 | D:6      | Found a blossoming altar of Fedhas.
 10825 | D:6      | Noticed Duvessa
 10825 | D:6      | Noticed Dowan
 10825 | D:6      | Reached **** piety under the Shining One
 10864 | D:6      | Killed Duvessa
 10864 | D:6      | Reached skill level 5 in Axes
 10881 | D:6      | Killed Dowan
 11695 | D:6      | Reached XP level 9. HP: 54/71 MP: 5/10
 12105 | D:5      | Reached skill level 6 in Axes
 12656 | D:7      | Reached skill level 7 in Axes
 13042 | D:7      | Noticed a hippogriff
 13048 | D:7      | Killed a hippogriff
 13048 | D:7      | Reached skill level 8 in Axes
 13529 | D:7      | Reached XP level 10. HP: 79/80 MP: 11/11
 13685 | D:8      | Reached skill level 9 in Axes
 13744 | D:8      | Slain by an orc warrior

Levels and vault maps discovered:
D:1:      psy_arrival_radial02, layout_basic, tso_metal_star
D:2:      layout_basic, eat_drink_and_be_merry_uskayaw, minmay_tripent,
          uniq_sigmund
D:3:      layout_loops_ring, lemuel_doored_altar, ebering_ghost_sewer_d,
          uniq_grinder, uniq_natasha
D:4:      layout_gridville
D:5:      layout_loops_corners, minmay_temple_entry_drinking_statues,
          first_ration, nicolae_ossuary_entry_giza
D:6:      layout_basic, basic_altar, uniq_duvessa, uniq_menkaure
D:7:      layout_cave_pools, grunt_ogre_cave
D:8:      minmay_skewed_foursquare, layout_basic,
          gammafunk_temple_overflow_elements, nicolae_gozag_seed_capital

Skill      XL: |  1  2  3  4  5  6  7  8  9 10 |
---------------+-------------------------------+-----
Dodging        | 3 4 |  4.0
Fighting       | 1 2 4 5 6 8 |  8.0
Armour         | 2 3 |  3.2
Axes           | 2 5 8 9 |  9.1
Stealth        | |  2.0
Unarmed Combat | |  0.3
Spellcasting   | |  2.0
Conjurations   | |  4.0

Action                   |  1- 3 |  4- 6 |  7- 9 | 10-12 || total
-------------------------+-------+-------+-------+-------++-------
Melee: Unarmed           |    20 |       |       |       ||    20
       Whip              |       |   122 |       |       ||   122
       Dagger            |       |     9 |    40 |       ||    49
       Hand axe          |       |       |   197 |       ||   197
       War axe           |       |       |   131 |    26 ||   157
 Cast: Magic Dart        |    80 |   207 |   144 |       ||   431
Evoke: Wand              |       |       |    12 |       ||    12
  Use: Scroll            |       |     5 |    15 |       ||    20
       Potion            |       |       |     4 |       ||     4
  Eat: Chunk             |     1 |    10 |    15 |     2 ||    28
       Ration            |     1 |     3 |     3 |       ||     7
Armor: Robe              |    23 |     5 |       |       ||    28
       Ring mail         |       |    35 |   106 |     1 ||   142
       Skin              |       |       |     8 |       ||     8
Dodge: Dodged            |    58 |   179 |   285 |    15 ||   537

Table legend:
 A = Non-vault XP
 B = Vault XP
 C = Vault XP percentage of total XP
 D = Non-vault monster count
 E = Vault monster count
 F = Vault count percentage of total count
                 A         B        C        D         E       F
            +---------+---------+-------+---------+---------+-------
      Total |    3502 |     634 |  15.3 |     147 |      36 |  19.7
            +---------+---------+-------+---------+---------+-------
        D:1 |      32 |       0 |   0.0 |      20 |       0 |   0.0
        D:2 |      75 |       3 |   3.8 |      26 |       2 |   7.1
        D:3 |     112 |      36 |  24.3 |      16 |       1 |   5.9
        D:4 |     365 |       0 |   0.0 |      21 |       0 |   0.0
        D:5 |     470 |      20 |   4.1 |      16 |       3 |  15.8
        D:6 |     739 |     197 |  21.0 |      16 |       2 |  11.1
        D:7 |    1529 |     118 |   7.2 |      24 |       1 |   4.0
        D:8 |     180 |       0 |   0.0 |       8 |       0 |   0.0
    Ossuary |       0 |     260 | 100.0 |       0 |      27 | 100.0
            +---------+---------+-------+---------+---------+-------
